[Event "8th Gibraltar U16-Junior 2018"]
[Site "Caleta"]
[Date "2018.08.19"]
[Round "5"]
[White "Seleznev, Egor"]
[Black "Kirupakaran, Vishnu"]
[Result "1-0"]
[ECO "B22"]
[WhiteElo "1388"]
[BlackElo "1786"]
[Annotator "NA"]
[PlyCount "111"]
[EventDate "2018.08.17"]
[EventType "swiss"]
[EventCountry "GGB"]
[SourceTitle "playchess.com"]
[Source "ChessBase"]
[SourceQuality "1"]
[TimeControl "6600+10"]

1. e4 c5 2. c3 Nf6 3. e5 Nd5 4. d4 cxd4 5. cxd4 Nc6 6. Nc3 Nxc3 7. bxc3 d6 8. f4 Bf5 9. Bd3 Bxd3 10. Qxd3 e6 11. Nf3 d5 12. O-O Be7 13. f5 O-O 14. Be3 Na5 15. Nd2 Kh8 16. Rf3 Bg5 17. Raf1 Bxe3+ 18. Rxe3 exf5 19. Qxf5 Qc8 20. Qh5 Qe6 21. Rh3 Qg6 22. Rxf7 Qxh5 23. Rxf8+ Rxf8 24. Rxh5 g6 25. Rh3 Kg7 26. Rf3 Rc8 27. Kf2 b5 28. Ke2 Nb7 29. Kd3 a5 30. Rf1 b4 31. Rc1 Nd8 32. Nb3 Ne6 33. g3 a4 34. Nd2 Rf8 35. cxb4 Rf2 36. Ke3 Rxh2 37. Rd1 Ng5 38. b5 Rh3 39. Rg1 Ne6 40. b6 Nd8 41. Nf3 h6 42. Rc1 Rxg3 43. Rc7+ Kf8 44. b7 Nxb7 45. Rxb7 g5 46. Kf2 Rg4 47. Rh7 Rf4 48. Kg3 Re4 49. Rxh6 Kg7 50. Nxg5 Re2 51. Rh2 Re3+ 52. Nf3 a3 53. Rc2 Kg6 54. Kf2 Re4 55. Re2 Rg4 56. e6 1-0

[Event "8th Gibraltar U16-Junior 2018"]
[Site "Caleta"]
[Date "2018.08.19"]
[Round "5"]
[White "Dhanwani, Aryan"]
[Black "Rayner, Hugo"]
[Result "1/2-1/2"]
[ECO "B30"]
[WhiteElo "1169"]
[BlackElo "1391"]
[Annotator "NA"]
[PlyCount "49"]
[EventDate "2018.08.17"]
[EventType "swiss"]
[EventCountry "GGB"]
[SourceTitle "playchess.com"]
[Source "ChessBase"]
[SourceQuality "1"]
[TimeControl "6600+10"]

1. e4 c5 2. Nf3 d6 3. Nc3 g6 4. Bc4 Bg7 5. O-O Nc6 6. d3 Bg4 7. h3 Bxf3 8. Qxf3 Nf6 9. Be3 O-O 10. Qe2 a6 11. a3 b5 12. Ba2 Rc8 13. Qd2 Re8 14. Rab1 e6 15. Ne2 Qa5 16. Qxa5 Nxa5 17. Ng3 d5 18. exd5 Nxd5 19. Bxd5 exd5 20. b4 d4 21. Bd2 cxb4 22. Bxb4 Nc6 23. Rb2 f5 24. Re1 Rxe1+ 25. Bxe1 1/2-1/2

[Event "8th Gibraltar U16-Junior 2018"]
[Site "Caleta"]
[Date "2018.08.19"]
[Round "5"]
[White "Harbinson, Alec Ryan"]
[Black "Mahtani, Johan"]
[Result "1/2-1/2"]
[ECO "C50"]
[WhiteElo "1043"]
[BlackElo "1166"]
[Annotator "NA"]
[PlyCount "88"]
[EventDate "2018.08.17"]
[EventType "swiss"]
[EventCountry "GGB"]
[SourceTitle "playchess.com"]
[Source "ChessBase"]
[SourceQuality "1"]
[TimeControl "6600+10"]

1. e4 e5 2. Nf3 Nc6 3. Bc4 d6 4. d3 Bg4 5. h3 Bxf3 6. Qxf3 Qf6 7. Qxf6 Nxf6 8. Bg5 Be7 9. Bxf6 Bxf6 10. c3 O-O 11. b4 Rad8 12. Bd5 Rb8 13. Bxc6 bxc6 14. O-O Rbd8 15. Rd1 d5 16. Na3 dxe4 17. dxe4 Rd6 18. Nc4 Re6 19. Rd3 Rd8 20. Rxd8+ Bxd8 21. Rd1 Be7 22. Rd7 c5 23. bxc5 Bxc5 24. Rxc7 Bf8 25. Rxa7 f6 26. Ne3 Rc6 27. c4 Bc5 28. Nf5 g6 29. Ra8+ Kf7 30. Ng3 Bb4 31. Ra4 Bd2 32. f3 Rb6 33. Kh2 Bf4 34. h4 h5 35. Kh3 Rb1 36. a3 f5 37. exf5 gxf5 38. Rb4 Rd1 39. Rb7+ Ke6 40. Rb6+ Kf7 41. Rb7+ Ke6 42. Rb6+ Kf7 43. Rb7+ Ke6 44. Rb6+ Kf7 1/2-1/2

[Event "8th Gibraltar U16-Junior 2018"]
[Site "Caleta"]
[Date "2018.08.20"]
[Round "6"]
[White "Cuellar Montes, Alejandro"]
[Black "Ifalore, Michael"]
[Result "0-1"]
[ECO "E55"]
[WhiteElo "2074"]
[BlackElo "1881"]
[Annotator "NA RC"]
[PlyCount "192"]
[EventDate "2018.08.17"]
[EventType "swiss"]
[EventCountry "GGB"]
[SourceTitle "playchess.com"]
[Source "ChessBase"]
[SourceQuality "1"]
[TimeControl "6600+10"]

1. d4 Nf6 2. c4 e6 3. Nc3 Bb4 4. e3 O-O 5. Bd3 d5 6. Nf3 c5 7. O-O dxc4 8. Bxc4 Nbd7 9. a3 cxd4 {[%emt 0:03:47] LiveBook: 194 Games} 10. axb4 dxc3 11. bxc3 Qc7 12. Qb3 b6 {[%emt 0:03:17] E55: Nimzo-Indian: Rubinstein: Main Line: 7...dxc4 8 Bxc4 Nbd7} 13. Ba6 $146 ({Predecessor:} 13. Be2 $14 Bb7 14. Rd1 Ng4 15. h3 Nge5 16. Nxe5 Nxe5 17. c4 a5 {½-½ (17) Piorun,K (2529)-Edouard,R (2680) Deizisau 2013}) 13... Ne5 14. Nxe5 Qxe5 15. f4 Qe4 16. Be2 Qg6 17. Bf3 Ne4 18. Rd1 Bb7 19. Rd7 (19. c4 $11) 19... Bd5 (19... Nc5 $17 20. bxc5 Bxf3) 20. c4 (20. Qb1 $11) 20... Nd2 21. Bxd2 Bxf3 22. g3 Rad8 23. Raxa7 {[%emt 0:01:25] [#]} (23. Rd4 $17 {keeps fighting.}) 23... Bc6 $1 24. Rd4 Rxd4 $2 (24... Qg4 $19 {has better winning chances.} 25. b5 Qf3 26. bxc6 Rxd4) 25. exd4 Qe4 26. Kf1 $2 (26. d5 $17 exd5 27. Qe3 Qxc4 28. Qc3) 26... Qxd4 (26... Qg2+ $19 27. Ke1 b5) 27. Be3 Qe4 28. Bf2 $2 (28. Bxb6 $17 Rb8 29. b5 Qh1+ 30. Ke2 Qxh2+ 31. Ke1 Rxb6 {[#]} 32. bxc6 $1 Qg1+ 33. Kd2) 28... Rd8 29. Rc7 Qh1+ 30. Ke2 Bf3+ 31. Ke3 Be4 32. Ke2 h6 33. Ra7 {[%emt 0:01:17] [#]} Rd1 (33... Bf3+ $142 $1 34. Ke3 (34. Qxf3 Qd1+) 34... Bg4 35. Rd7 Rxd7 36. Qd3 Qf3+ 37. Kd2 Rxd3+ 38. Kc2 Qe2+ 39. Kc1 Rd1#) 34. Ra3 Qf1+ $2 (34... Rb1 $19 {is more deadly.} 35. Qxb1 Qxb1) 35. Ke3 Rd3+ $2 (35... Bf5 36. Qc3 Rc1) 36. Qxd3 Bxd3 37. Rxd3 Qc1+ 38. Rd2 Qxc4 39. Rd4 Qc3+ 40. Ke2 Kh7 41. Kf1 Kg6 42. Kg2 Kf5 43. Rd6 Qxb4 44. Rxb6 Qe4+ 45. Kg1 Kg4 46. Kf1 Qh1+ 47. Bg1 Kh3 48. Rb2 Qf3+ 49. Ke1 Qc3+ 50. Rd2 Kg4 51. Ke2 h5 52. Be3 Qc4+ 53. Kf2 Qe4 54. Re2 Qf3+ 55. Ke1 h4 56. gxh4 Kxh4 57. Bf2+ Kg4 58. Bg3 Qc3+ 59. Kf1 g5 60. fxg5 Kxg5 61. Re5+ Kg4 (61... f5 $142 62. Kg1 Qd4+ 63. Kg2 Qb2+ 64. Kh3 Qb7) 62. Re4+ Kf5 63. Rf4+ Kg6 64. Rg4+ Kh6 65. Rf4 f5 66. Kg2 Kg6 67. Rf2 e5 68. h4 e4 69. Bf4 e3 (69... Qd3 $142 70. Rf1 e3) 70. Re2 Qc6+ $2 (70... Qc4 71. Kf3 Kh5 72. Bxe3 Qg4+ 73. Kf2 Qxh4+ 74. Kg1 Qg3+ 75. Kf1 f4) 71. Kg3 {[%emt 0:00:09] [#]} Kh5 (71... Qh1 $1 $19 {[%cal Rh1f1] and Black stays clearly on top.} 72. Rh2 Qe1+ 73. Kf3 Kh5 74. Bxe3 Qd1+ 75. Re2 Kxh4) 72. Rxe3 Qg6+ 73. Bg5 Qd6+ 74. Bf4 Qd1 75. Kf2 $2 (75. Bg5 $17) 75... Kg4 76. Bg5 f4 77. Bxf4 Kxf4 78. h5 Qxh5 79. Rc3 Qh2+ 80. Ke1 Qb2 (80... Ke4 $142 81. Kd1 Qb2 82. Rh3 Qb1+ 83. Kd2 Qa2+ 84. Kd1 Qe6 85. Rc3 Qd5+ 86. Kc1 Kd4 87. Rc2 Qa5 88. Kb1 Kd3 89. Rc1 Qa4 90. Kb2 Qb4+ 91. Ka2 Kd2 92. Rb1 Qa4+ 93. Kb2 Qc2+ 94. Ka1 Qe4 95. Ka2 Kc2 96. Rb2+ Kc1 97. Ka3 Qa8+ 98. Kb3 Qd5+ 99. Ka3 Qa5+ 100. Kb3 Qb5+ 101. Kc3 Qxb2+ 102. Kc4 Qe5 103. Kd3 Kd1 104. Kc4 Kc2 105. Kb4 Qd5 106. Ka4 Kc3 107. Ka3 Qb3#) 81. Rd3 Ke4 82. Rd2 Qc1+ 83. Ke2 Qg1 84. Rc2 Qe3+ 85. Kd1 Qf3+ 86. Kd2 Kd4 87. Kc1 Kd3 88. Kb2 Qb7+ 89. Kc1 Qb4 90. Rg2 Qc3+ 91. Kb1 Qe1+ 92. Kb2 Qe5+ 93. Ka3 Qe7+ 94. Ka2 Qf7+ 95. Ka3 Qa7+ 96. Kb2 Qb7+ 0-1

[Event "8th Gibraltar U16-Junior 2018"]
[Site "Caleta"]
[Date "2018.08.20"]
[Round "6"]
[White "Onslow, Alfie"]
[Black "Silva, Pedro Gil Ferreira "]
[Result "1-0"]
[ECO "B12"]
[WhiteElo "2040"]
[BlackElo "1795"]
[Annotator "NA RC"]
[PlyCount "59"]
[EventDate "2018.08.17"]
[EventType "swiss"]
[EventCountry "GGB"]
[SourceTitle "playchess.com"]
[Source "ChessBase"]
[SourceQuality "1"]
[TimeControl "6600+10"]

1. e4 c6 2. d4 d5 3. e5 c5 4. dxc5 Nc6 5. a3 {[%emt 0:02:43] B12: Caro-Kann: Advance Variation} Nxe5 6. Bb5+ (6. b4 Nf6 7. Bb2 Nc6 8. Nf3 g6 9. Nc3 d4 10. Nb5 e5 11. Qe2 Bg4 12. O-O-O Bh6+ {1-0 (48) Nepomniachtchi,I (2751)-Navara,D (2737) Saint Louis 2017}) 6... Nc6 {[%emt 0:02:37] LiveBook: 9 Games} 7. c4 $146 ({Predecessor:} 7. b4 Nf6 8. Bb2 g6 9. c4 Be6 10. Nf3 Bg7 11. Ng5 O-O 12. Nxe6 fxe6 {1-0 (50) Dubov,D (2648)-Yuffa,D (2534) Sochi 2016}) 7... e6 8. Be3 Be7 9. Nc3 Nf6 10. Nf3 O-O 11. h3 a6 12. cxd5 axb5 13. dxc6 bxc6 14. Ne5 Bb7 15. O-O Nd5 16. Nxd5 Qxd5 17. Nf3 Rfd8 18. Qc2 Qd3 19. Qxd3 Rxd3 20. Rfd1 Rd5 21. Rxd5 exd5 22. Bd4 f6 23. b3 Bc8 24. Nd2 b4 (24... Kf7 $11) 25. axb4 Rb8 26. Bc3 Kf7 27. Nf3 f5 $2 (27... Rb7 {is tougher.} 28. Bd2 Rc7) 28. Ne5+ Kg8 29. Nxc6 Rb7 30. Ra8 $18 1-0

[Event "8th Gibraltar U16-Junior 2018"]
[Site "Caleta"]
[Date "2018.08.20"]
[Round "6"]
[White "Perez Beltran, Salvador"]
[Black "Moreby, James"]
[Result "1/2-1/2"]
[ECO "B40"]
[WhiteElo "2018"]
[BlackElo "2084"]
[Annotator "NA RC"]
[PlyCount "39"]
[EventDate "2018.08.17"]
[EventType "swiss"]
[EventCountry "GGB"]
[SourceTitle "playchess.com"]
[Source "ChessBase"]
[SourceQuality "1"]
[TimeControl "6600+10"]

1. e4 c5 2. Nf3 e6 3. g3 Nc6 4. Bg2 Nf6 5. Qe2 {[%emt 0:00:08] B40: Sicilian: 2...e6, Unusual lines} (5. d3 d5 6. Nbd2 Be7 7. O-O O-O 8. Re1 b5 9. e5 Nd7 10. Nf1 Bb7 11. h4 Qc7 12. Bf4 Rfc8 13. Ne3 Qd8 14. Ng4 Bf8 15. Bg5 Qe8 16. c3 h6 17. Bf4 a5 18. Qd2 b4 19. c4 Ne7 20. h5 {1-0 (59) Kuzubov,Y (2699)-Grischuk,A (2772) Riadh 2017}) 5... d5 6. exd5 Nxd5 7. O-O Be7 8. Rd1 Bf6 9. Nc3 O-O {[%emt 0:00:38] LiveBook: 25 Games} 10. Ne4 Be7 11. d4 cxd4 12. Nxd4 Nxd4 13. Rxd4 Nf4 $146 14. Nf6+ $1 Bxf6 15. Rxf4 Qe7 16. c3 Rb8 17. Re4 b5 18. Bf4 Rb6 19. Rb4 a5 $16 20. Rb3 1/2-1/2

[Event "8th Gibraltar U16-Junior 2018"]
[Site "Caleta"]
[Date "2018.08.20"]
[Round "6"]
[White "Tombolis, Christopher"]
[Black "Greco, Joseph"]
[Result "1-0"]
[ECO "A56"]
[WhiteElo "1900"]
[BlackElo "1626"]
[Annotator "NA RC"]
[PlyCount "35"]
[EventDate "2018.08.17"]
[EventType "swiss"]
[EventCountry "GGB"]
[SourceTitle "playchess.com"]
[Source "ChessBase"]
[SourceQuality "1"]
[TimeControl "6600+10"]

1. d4 Nf6 2. c4 c5 3. d5 e5 4. Nc3 d6 5. e4 Be7 6. h3 h6 7. Nf3 O-O 8. Be2 Na6 9. O-O Bd7 10. Nh2 Qc8 11. f4 exf4 12. Bxf4 Nc7 13. Bd3 Nfe8 (13... b5 $16) 14. g4 (14. Nf3 $18 {has better winning chances.}) 14... Qd8 (14... b5 $16) 15. Qe2 g5 (15... Bg5 {might work better.} 16. e5 Bxf4 17. Rxf4 dxe5) 16. Bxd6 (16. e5 $18 dxe5 17. Bxe5) 16... Bxd6 $18 (16... Nxd6 $16 {was worth a try.} 17. e5 b5) 17. e5 Bxe5 18. Qxe5 1-0

[Event "8th Gibraltar U16-Junior 2018"]
[Site "Caleta"]
[Date "2018.08.20"]
[Round "6"]
[White "Howell, Oliver W"]
[Black "Schulz, Victor"]
[Result "1/2-1/2"]
[ECO "A08"]
[WhiteElo "1853"]
[BlackElo "1510"]
[Annotator "NA RC"]
[PlyCount "93"]
[EventDate "2018.08.17"]
[EventType "swiss"]
[EventCountry "GGB"]
[SourceTitle "playchess.com"]
[Source "ChessBase"]
[SourceQuality "1"]
[TimeControl "6600+10"]

1. Nf3 d5 2. c4 d4 3. g3 c5 4. Bg2 Nc6 5. d3 e5 {[%emt 0:01:04] LiveBook: 116 Games} 6. O-O f5 7. Na3 Nf6 8. Nc2 e4 $146 {[%emt 0:05:04] A08: King's Indian Attack} ({Predecessor:} 8... Bd6 $11 9. a3 O-O 10. Rb1 a5 11. e3 Qb6 12. exd4 exd4 13. Na1 Bd7 14. Re1 Rae8 15. Bg5 Rxe1+ 16. Qxe1 h6 17. Bxf6 Rxf6 18. Qd2 Re6 19. Nh4 Re8 20. Bh3 Rf8 21. f4 Qd8 22. Nf3 {½-½ (22) Rohde,P (1538)-Radssat,M (1464) Neumuenster 2008}) 9. Nd2 exd3 10. exd3 Be7 11. Bxc6+ (11. b4 $16) 11... bxc6 12. Nf3 O-O 13. b4 {[%emt 0:09:56] [#]} (13. Nh4 $11 {keeps the balance.}) 13... cxb4 ({Black should try} 13... f4 $1 $17 14. Ne5 (14. Bxf4 Nh5 $17) 14... fxg3 15. hxg3 Bd6 16. Nxc6 Qb6) 14. Ncxd4 c5 15. Nc6 Qc7 16. Nxe7+ Qxe7 17. Bf4 Bb7 18. Re1 Qd7 19. Re5 $2 (19. Ne5 $11 Qd4 20. Nf3) 19... Qc6 20. Kg2 Ng4 21. Re7 Rac8 22. a3 {[%emt 0:05:04] [#]} Rfe8 $1 23. Rxe8+ $2 (23. Rxb7 {nothing else works.} Qxb7 24. axb4) 23... Rxe8 24. h3 {[%emt 0:00:49] [#]} Ne5 $2 (24... Re1 $1 {[%mdl 512] mates} 25. d4 (25. Qxe1 Qxf3+) 25... Rxd1 26. d5 {[#]} Rxd5 $1 27. axb4 Rd2 $1 28. Ra3 Qxf3+ $1 29. Rxf3 Bxf3+ 30. Kxf3 Rxf2#) 25. Bxe5 Rxe5 26. axb4 cxb4 27. Rxa7 {[%emt 0:01:39] [#]} b3 $11 ({Besser ist} 27... f4 $1 $17 28. gxf4 Re7 29. Rxb7 Rxb7) 28. Ra1 g5 29. d4 b2 30. Rb1 Ra5 31. g4 Ra1 32. d5 Rxb1 33. Qxb1 Qxc4 34. Qxb2 Qxd5 35. Qe2 Qxf3+ 36. Qxf3 Bxf3+ 37. Kxf3 f4 38. h4 gxh4 39. Kxf4 Kg7 40. g5 Kg6 41. Kg4 h3 42. Kxh3 Kxg5 43. Kg3 Kf5 44. Kh4 Kf4 45. Kh5 Kf3 46. Kh6 Kxf2 47. Kxh7 1/2-1/2

[Event "8th Gibraltar U16-Junior 2018"]
[Site "Caleta"]
[Date "2018.08.20"]
[Round "6"]
[White "Samworth-Calvier, Juju"]
[Black "Jain, Anushree"]
[Result "1-0"]
[ECO "C77"]
[WhiteElo "1816"]
[BlackElo "1006"]
[Annotator "NA RC"]
[PlyCount "81"]
[EventDate "2018.08.17"]
[EventType "swiss"]
[EventCountry "GGB"]
[SourceTitle "playchess.com"]
[Source "ChessBase"]
[SourceQuality "1"]
[TimeControl "6600+10"]

1. e4 e5 2. Nf3 Nc6 3. Bb5 d6 4. O-O Bd7 5. c3 g6 6. d3 Bg7 7. Re1 Nf6 8. Nbd2 O-O 9. Nf1 a6 {[%emt 0:02:34] LiveBook: 6 Games} 10. Ba4 Qe7 {[%emt 0:00:56] C77: Ruy Lopez: 3...a6 4 Ba4 Nf6, unusual lines} (10... Re8 11. Ng3 Qe7 12. h3 Qf8 13. d4 Kh8 14. Bb3 h6 15. a3 Rad8 16. Qd3 Nh7 17. Bd2 Bc8 18. Rad1 {0-1 (45) Haddouche,M (2505)-Sargissian,G (2672) Riadh 2017}) 11. Bg5 b5 $146 ({Predecessor:} 11... h6) 12. Bc2 Qe6 13. Qd2 d5 ({Black should try} 13... Rfb8 $14) 14. Bxf6 Qxf6 15. exd5 Ne7 16. Nxe5 Bf5 17. d4 Bxc2 18. Qxc2 Nxd5 $2 (18... Rfd8 $16 19. Ne3 Qd6) 19. Nd7 Qd6 20. Nxf8 Rxf8 21. Ne3 Nf6 22. a4 bxa4 (22... Rb8 $142 23. axb5 axb5) 23. Qxa4 Ra8 24. Nc4 Qd8 25. Qc6 Qc8 26. Re7 Ne8 27. Qd5 h5 28. Qxf7+ Kh7 29. Rae1 Kh6 30. Rxe8 Qb7 31. Rxa8 Qxa8 32. Qxc7 (32. Ne5 $142 Bxe5 33. Rxe5 Qh8 34. Qf4+ Kh7 35. Re7+ Qg7 36. Qxc7 Qxe7 37. Qxe7+ Kh6 38. f4) 32... Qf8 33. d5 (33. Nd6 $142 Bf6 34. Re8 Qg7 35. Nf7+ Kh7 36. Rh8+ Qxh8 37. Nxh8+ Kxh8 38. Qf7) 33... Bf6 34. d6 Bd8 35. Qc6 a5 36. g3 Kg5 37. Re5+ Kh6 38. Re8 Qf6 39. Qc8 a4 40. Qxd8 a3 41. Qxf6 1-0

[Event "8th Gibraltar U16-Junior 2018"]
[Site "Caleta"]
[Date "2018.08.20"]
[Round "6"]
[White "Patel, Devan"]
[Black "Shepherd, Tom"]
[Result "0-1"]
[ECO "D24"]
[WhiteElo "1716"]
[BlackElo "1531"]
[Annotator "NA RC"]
[PlyCount "61"]
[EventDate "2018.08.17"]
[EventType "swiss"]
[EventCountry "GGB"]
[SourceTitle "playchess.com"]
[Source "ChessBase"]
[SourceQuality "1"]
[TimeControl "6600+10"]

1. d4 d5 2. Nf3 Nf6 3. c4 dxc4 4. Nc3 a6 5. a4 Nc6 6. e4 Na5 7. Be2 e6 8. O-O Nb3 9. Ra2 Nxc1 10. Qxc1 c5 11. Rd1 Qc7 12. Bxc4 cxd4 13. Nb5 Qb6 14. Nc7+ Qxc7 15. Bb5+ Kd8 16. Rxd4+ Nd7 17. Qxc7+ Kxc7 18. Bxd7 Bxd7 19. Ne5 Bc6 20. Nxf7 Bc5 21. Rc4 Bxf2+ 22. Kxf2 Rhf8 23. b4 Rxf7+ 24. Ke3 Kd6 25. b5 axb5 26. Rd2+ Ke7 27. axb5 Ra3+ 28. Kd4 Bxb5 29. Rc7+ Kf8 30. Rc8+ Be8 31. Kc5 0-1

[Event "8th Gibraltar U16-Junior 2018"]
[Site "Caleta"]
[Date "2018.08.20"]
[Round "6"]
[White "Cortes Villa, Jaime"]
[Black "Seleznev, Egor"]
[Result "0-1"]
[ECO "D35"]
[WhiteElo "1700"]
[BlackElo "1388"]
[Annotator "NA RC"]
[PlyCount "162"]
[EventDate "2018.08.17"]
[EventType "swiss"]
[EventCountry "GGB"]
[SourceTitle "playchess.com"]
[Source "ChessBase"]
[SourceQuality "1"]
[TimeControl "6600+10"]

1. d4 d5 2. c4 e6 3. Nc3 Nf6 4. cxd5 exd5 5. Bg5 Nbd7 6. Nxd5 Nxd5 7. Bxd8 Bb4+ 8. Qd2 Bxd2+ 9. Kxd2 Kxd8 10. e4 Ne7 11. Bc4 f6 12. f4 c6 13. Nf3 Nb6 14. b3 Nxc4+ 15. bxc4 Bg4 16. d5 Bxf3 17. gxf3 Ng6 18. Ke3 Kc7 19. Rac1 Rad8 20. Rhg1 Rhg8 21. Rc2 Rd7 22. Rd1 Rc8 23. Rdc1 Kd8 24. f5 Nf8 25. f4 cxd5 26. cxd5 Rdc7 27. Rxc7 Rxc7 28. Rg1 g6 29. fxg6 hxg6 30. Rg2 Rc3+ 31. Kd4 Rf3 32. f5 g5 33. Rb2 b6 34. Rc2 Nd7 35. d6 Nc5 36. Rd2 Kd7 37. h4 gxh4 38. Rg2 Kxd6 39. Rg6 Nd7 40. e5+ Ke7 41. Rg7+ Ke8 42. e6 Ne5 43. Ke4 Ra3 44. Rb7 h3 45. Rb8+ Ke7 46. Rb7+ Kd6 47. e7 Ng4 48. e8=N+ Kc6 49. Rc7+ Kb5 50. Nd6+ Ka6 51. Rh7 h2 52. Kf4 Ra4+ 53. Kg3 b5 54. Nc8 Ka5 55. Nxa7 b4 56. Nc6+ Kb6 57. Nd4 Ne3 58. Kxh2 Rxa2+ 59. Kg3 Nd5 60. Rh8 Ra3+ 61. Kf2 Kc5 62. Ne6+ Kd6 63. Rd8+ Ke5 64. Ng7 b3 65. Rb8 Ra2+ 66. Kf3 b2 67. Rb5 Ra3+ 68. Kf2 Ra2 69. Kf3 Kd6 70. Ne8+ Kc6 71. Rb3 Ra3 72. Rxa3 b1=Q 73. Ra6+ Kb5 74. Nc7+ Nxc7 75. Rxf6 Qd3+ 76. Kg4 Qe4+ 77. Kg5 Nd5 78. Re6 Qg2+ 79. Kh6 Qh3+ 80. Kg5 Qg3+ 81. Kh5 Nf4+ 0-1

[Event "8th Gibraltar U16-Junior 2018"]
[Site "Caleta"]
[Date "2018.08.20"]
[Round "6"]
[White "Onslow, Teddy"]
[Black "Lovell, William Pm"]
[Result "1/2-1/2"]
[ECO "D02"]
[WhiteElo "1669"]
[BlackElo "1783"]
[Annotator "NA RC"]
[PlyCount "60"]
[EventDate "2018.08.17"]
[EventType "swiss"]
[EventCountry "GGB"]
[SourceTitle "playchess.com"]
[Source "ChessBase"]
[SourceQuality "1"]
[TimeControl "6600+10"]

1. d4 d5 2. Bf4 Nf6 3. e3 c5 4. c3 Nc6 5. Bd3 g6 6. Nf3 Bg7 7. Nbd2 O-O 8. h3 Nd7 9. O-O e5 10. dxe5 Ndxe5 11. Nxe5 Bxe5 12. Bxe5 Nxe5 13. Bc2 Be6 14. Nf3 Qf6 15. Nxe5 Qxe5 16. Re1 Rad8 17. Qf3 Qc7 18. Re2 d4 19. exd4 cxd4 20. cxd4 Rxd4 21. Bb3 Bxb3 22. Qxb3 Rfd8 23. Rae1 R8d7 24. Qc2 Qxc2 25. Rxc2 Rd2 26. Re2 Rxc2 27. Rxc2 f5 28. g3 Kf7 29. h4 Kf6 30. Kg2 Re7 1/2-1/2

[Event "8th Gibraltar U16-Junior 2018"]
[Site "Caleta"]
[Date "2018.08.20"]
[Round "6"]
[White "Krivenko, Dion"]
[Black "Diaz Mino, Pablo"]
[Result "1/2-1/2"]
[ECO "C47"]
[WhiteElo "1635"]
[BlackElo "2052"]
[Annotator "NA RC"]
[PlyCount "63"]
[EventDate "2018.08.17"]
[EventType "swiss"]
[EventCountry "GGB"]
[SourceTitle "playchess.com"]
[Source "ChessBase"]
[SourceQuality "1"]
[TimeControl "6600+10"]

1. e4 e5 2. Nf3 Nc6 3. d4 exd4 4. Nxd4 Bb4+ 5. Nc3 Nf6 6. Nxc6 bxc6 7. Bd3 d5 8. exd5 O-O 9. O-O cxd5 10. Bg5 c6 11. Qf3 ({Reject} 11. Bxf6 Qxf6 12. Ne2 Rb8 $17) 11... Be7 12. h3 {[%emt 0:05:16] LiveBook: 135 Games} Be6 13. Ne2 Rb8 {[%emt 0:02:28] C47: Scotch Four Knights and Four Knights with 4 g3} 14. Nd4 Qd7 15. b3 h6 16. Bd2 $146 ({Reject} 16. Nxe6 fxe6 17. Be3 Bd6 $11) ({Predecessor:} 16. Bh4 Rfe8 17. Rfe1 Nh7 18. Bxe7 Rxe7 19. Bxh7+ Kxh7 {1-0 (28) Kaufman,L (2430)-Chudnovsky,J (2285) Philadelphia 1995}) 16... Nh7 (16... Rbe8 $14) 17. Bxh7+ (17. Rae1 $16) 17... Kxh7 18. Rfe1 Bf6 19. Nxe6 fxe6 20. Qd3+ Kg8 21. Rad1 Rfe8 22. Qg3 Kh7 23. Qd3+ (23. Bc3 $14) 23... Kh8 24. Qg6 Rf8 25. Re2 (25. Bf4 $5 ) 25... Rbe8 26. Rde1 e5 27. Bb4 Rg8 28. Bc3 Qd6 29. Bd2 Re7 30. g4 (30. Qg3 $11) 30... Re6 31. Qh5 Qe7 $16 (31... e4 $17 {hält den Druck.} 32. Kh1 Bd8) 32. g5 1/2-1/2

[Event "8th Gibraltar U16-Junior 2018"]
[Site "Caleta"]
[Date "2018.08.20"]
[Round "6"]
[White "Cox, Toby"]
[Black "Bansal, Saahil"]
[Result "1/2-1/2"]
[ECO "C00"]
[WhiteElo "1479"]
[BlackElo "1454"]
[Annotator "NA RC"]
[PlyCount "75"]
[EventDate "2018.08.17"]
[EventType "swiss"]
[EventCountry "GGB"]
[SourceTitle "playchess.com"]
[Source "ChessBase"]
[SourceQuality "1"]
[TimeControl "6600+10"]

1. e4 e6 2. Nf3 d5 3. e5 c5 4. b4 cxb4 5. d4 Nc6 6. a3 bxa3 7. c3 Bd7 8. Bxa3 Bxa3 9. Nxa3 a6 10. Bd3 Nge7 11. O-O O-O 12. c4 h6 13. Nd2 Nxd4 14. cxd5 Nxd5 15. Ndc4 Nb5 16. Nxb5 Bxb5 17. Nd6 Bxd3 18. Qxd3 b5 19. Rfd1 Qg5 20. Re1 Rfd8 21. Qf3 f6 22. Nb7 Rdb8 23. Nc5 fxe5 24. Nxe6 e4 25. Qxe4 Qh5 26. g4 Qh4 27. Qxd5 Qxg4+ 28. Qg2 Qxg2+ 29. Kxg2 a5 30. Nd4 Rb6 31. Re5 a4 32. Rxb5 Rba6 33. Rb4 a3 34. Nc2 a2 35. Rb2 Ra4 36. Nb4 Rb8 37. Nd3 Rba8 38. Nc1 1/2-1/2

[Event "8th Gibraltar U16-Junior 2018"]
[Site "Caleta"]
[Date "2018.08.20"]
[Round "6"]
[White "Manocha, Shobhin"]
[Black "Cox, Ben"]
[Result "1-0"]
[ECO "B70"]
[WhiteElo "1461"]
[BlackElo "1466"]
[Annotator "NA RC"]
[PlyCount "97"]
[EventDate "2018.08.17"]
[EventType "swiss"]
[EventCountry "GGB"]
[SourceTitle "playchess.com"]
[Source "ChessBase"]
[SourceQuality "1"]
[TimeControl "6600+10"]

1. e4 c5 2. Nf3 d6 3. d4 cxd4 4. Nxd4 Nf6 5. Nc3 g6 6. Be2 Bg7 7. O-O O-O 8. Bg5 Nc6 9. Nb3 a5 10. a4 Nb4 11. f4 Bd7 12. Kh1 Rc8 13. Bf3 Qc7 14. Qd2 Bc6 15. Rfe1 Rfd8 16. Qf2 d5 17. e5 Ne4 18. Bxe4 dxe4 19. Rac1 f6 20. exf6 exf6 21. Bh4 Re8 22. f5 Qe5 23. fxg6 hxg6 24. Qe2 f5 25. Nd2 Kf7 26. Nc4 Qc7 27. Bg3 Qe7 28. Nd6+ Kf6 29. Qd2 Ke6 30. Nxc8 Rxc8 31. Qe2 Rh8 32. Qc4+ Kd7 33. Rcd1+ Ke8 34. Nb5 Bxb5 35. Qxb5+ Nc6 36. Rd6 Be5 37. Rxc6 bxc6 38. Qxe5 Qxe5 39. Bxe5 Rh7 40. h3 Re7 41. Bc3 Ra7 42. Kh2 Ke7 43. Kg3 Ke6 44. Kf4 Rb7 45. Rd1 c5 46. Rd8 Kf7 47. Rc8 Re7 48. Rxc5 e3 49. Re5 1-0

[Event "8th Gibraltar U16-Junior 2018"]
[Site "Caleta"]
[Date "2018.08.20"]
[Round "6"]
[White "Le Barbier, Vincent"]
[Black "Dharmasena, Gavith"]
[Result "0-1"]
[ECO "C50"]
[WhiteElo "1457"]
[BlackElo "1433"]
[Annotator "NA RC"]
[PlyCount "118"]
[EventDate "2018.08.17"]
[EventType "swiss"]
[EventCountry "GGB"]
[SourceTitle "playchess.com"]
[Source "ChessBase"]
[SourceQuality "1"]
[TimeControl "6600+10"]

1. e4 e5 2. Nf3 Nc6 3. Bc4 Bc5 4. Nc3 Nf6 5. d3 d6 6. Bg5 h6 7. Bh4 g5 8. Bg3 Bg4 9. Bb5 Qd7 10. Bxc6 Qxc6 11. h3 Be6 12. Qe2 Qb6 13. Na4 Qb4+ 14. Qd2 Qxa4 15. O-O Nh5 16. Kh2 O-O-O 17. b3 Qb5 18. a4 Qc6 19. Rac1 Nxg3 20. fxg3 Qb6 21. Rfe1 Qb4 22. Qd1 g4 23. Nh4 gxh3 24. gxh3 Rdg8 25. Qf3 Qd2+ 26. Ng2 Qf2 27. Qxf2 Bxf2 28. Re2 Bxg3+ 29. Kh1 Bxh3 30. Rg1 Bg4 31. Rd2 Bf3 32. c4 h5 33. Rf1 Bf4 34. Rdf2 Bxg2+ 35. Rxg2 h4 36. Rfg1 Rxg2 37. Rxg2 h3 38. Rg7 h2 39. b4 Rh3 40. b5 Rxd3 41. Rh7 Rd1+ 42. Kg2 Rg1+ 43. Kf3 h1=Q+ 44. Rxh1 Rxh1 45. a5 Rh3+ 46. Kg4 Rc3 47. b6 cxb6 48. axb6 a5 49. c5 Rxc5 50. Kf5 a4 51. Kf6 a3 52. Kxf7 a2 53. Kf6 Bg5+ 54. Kxg5 a1=Q 55. Kf6 Qf1+ 56. Ke6 Rc6 57. Kd5 Qf2 58. Ke6 d5+ 59. Kxd5 Qd4# {[%emt 0:00:06] Kxd4 [%clk 01:25:12] [%emt 00:00:05]} 0-1